 Dungeon Crawl Stone Soup version 0.22-a0-482-g76e0a5f (webtiles) character file.

494 GameOver the Conjurer (level 7, -30/60 HPs)
             Began as a Naga Wizard on June 17, 2018.
             Annihilated by a two-headed ogre
             ... wielding a +0 giant club
              (31 damage)
             ... on level 4 of the Dungeon.
             The game lasted 00:12:07 (2675 turns).

GameOver the Conjurer (Naga Wizard)                 Turns: 2675, Time: 00:12:08

Health: -30/60     AC:  3    Str: 15    XL:     7   Next: 15%
Magic:  1/11       EV: 10    Int: 20    God:
Gold:   111        SH:  0    Dex:  9    Spells: 3/12 levels left

rFire    . . .     SeeInvis +   j - +0 short sword
rCold    . . .     Gourm    .   (no shield)
rNeg     . . .     Faith    .   a - +0 robe
rPois    +         Spirit   .   b - +0 hat
rElec    .         Reflect  .   (no cloak)
rCorr    .         Harm     .   (no gloves)
MR       .....                  (no barding)
Stlth    ++........             (no amulet)
HPRegen  0.20/turn              (no ring)
MPRegen  0.12/turn              (no ring)

@: mighty, short of breath, very slightly contaminated, very slow
A: large, see invisible, deformed body, poison resistance, slowness 2, slow
metabolism 1, spit poison 1, AC +2
a: Spit Poison


You were on level 4 of the Dungeon.
You were hungry.

You visited 1 branch of the dungeon, and saw 4 of its levels.

You collected 111 gold pieces.

Inventory:

Hand Weapons
 j - a +0 short sword (weapon)
Missiles
 h - 23 sling bullets
Armour
 a - a +0 robe (worn)
 b - a +0 hat (worn)
 i - a +0 buckler
Jewellery
 n - an uncursed ring of ice
Wands
 m - a wand of polymorph (14)
Scrolls
 f - 3 scrolls of remove curse
 g - 2 scrolls of identify {unknown}
 k - a scroll of immolation {unknown}
 l - a scroll of magic mapping {unknown}
Comestibles
 d - 5 rations


   Skills:
 + Level 2.0 Fighting
 - Level 1.5 Dodging
 - Level 3.0 Stealth
 - Level 3.0 Spellcasting
 - Level 6.0 Conjurations
   Level 1.0 Summonings
 + Level 2.3 Translocations
 + Level 2.8 Poison Magic


You had 3 spell levels left.
You knew the following spells:

 Your Spells              Type           Power        Failure   Level  Hunger
a - Magic Dart            Conj           ####         1%          1    None
b - Blink                 Tloc           N/A          9%          2    ##.....
d - Mephitic Cloud        Conj/Pois/Air  ##......     13%         3    ###....
s - Conjure Flame         Conj/Fire      ###.....     12%         3    ###....

Your spell library contained the following spells:

 Spells                   Type           Power        Failure   Level  Hunger
 Slow                     Hex            #.......     22%         2    ##.....
 Call Imp                 Summ           #.......     14%         2    ##.....


Dungeon Overview and Level Annotations

Branches:
Dungeon (4/15)
 Temple: D:4-7

Altars:
Dithmenos
The Shining One


Innate Abilities, Weirdness & Mutations

You cannot wear boots.
Your serpentine skin is tough. (AC +2)
You have supernaturally acute eyesight. (SInv)
Armour fits poorly on your strangely shaped body.
Your system is resistant to poisons. (rPois)
You cover ground very slowly.
You have a slow metabolism.
You can spit poison.


Message History

Aiming: Magic Dart (safe; 1% risk of failure)
Press: ? - help, Shift-Dir - straight line, f/p - two-headed ogre
Aim: a two-headed ogre, wielding a giant club and a giant spiked club (moderately wounded)
Okay, then.
Okay, then.
It was a potion of curing.
You feel better.
It was a potion of might.
You feel very mighty all of a sudden.
You hit the two-headed ogre.
The two-headed ogre is moderately wounded.
The two-headed ogre hits you with a giant club!!
* * * LOW HITPOINT WARNING * * *
The two-headed ogre hits you with a giant spiked club!
* * * LOW HITPOINT WARNING * * *
Unknown command.
You barely miss the two-headed ogre.
The two-headed ogre is moderately wounded.
The two-headed ogre hits you with a giant club!!
Ouch! That really hurt!
You die...

............# #..........#####
.Z..........# #..........# #
..$.........# #..........# #
............# #..........#####
$...........######.#########.....
.<.......O....#..#.# #.....
...Z.[#.#####.#..#.#########.....
...........................####..
.....##.#####.#.@O.#######. #..
.....'>.................... +..
.%...####...#.##.########## #..
...h.# #...#.##.# ..##.. .....#
#...#....# #.#... #.....####
...## ####### #..## #..## #..##


You could see a two-headed ogre.

Vanquished Creatures
  Sigmund (D:3)
  A hound (D:4)
  A bullfrog skeleton (D:4)
  3 centaur skeletons (D:4)
  2 worker ants (D:4)
  A hound skeleton (D:4)
  6 adders
  3 oozes
  3 worms
  4 leopard geckos
  9 bats
  3 giant cockroaches
  9 goblins
  4 hobgoblins
  6 kobolds
  3 quokkas
  4 frilled lizards
  A leopard gecko skeleton (D:4)
  8 rats
72 creatures vanquished.

Notes
Turn   | Place    | Note
-------+----------+-------------------------------------------
     0 | D:1      | GameOver the Naga Wizard began the quest for the Orb.
     0 | D:1      | Reached XP level 1. HP: 15/15 MP: 4/4
    40 | D:1      | Reached skill level 2 in Conjurations
    40 | D:1      | Reached XP level 2. HP: 13/22 MP: 0/6
   806 | D:1      | Reached XP level 3. HP: 28/28 MP: 7/7
  1037 | D:2      | Reached skill level 3 in Conjurations
  1041 | D:2      | Learned a level 2 spell: Blink
  1045 | D:2      | Learned a level 3 spell: Mephitic Cloud
  1222 | D:2      | Found a glowing golden altar of the Shining One.
  1597 | D:2      | Found a shadowy altar of Dithmenos.
  1629 | D:2      | Reached XP level 4. HP: 36/36 MP: 8/8
  1935 | D:3      | Noticed Sigmund
  1939 | D:3      | Reached skill level 4 in Conjurations
  1961 | D:3      | Killed Sigmund
  1961 | D:3      | Reached skill level 5 in Conjurations
  1961 | D:3      | Reached XP level 5. HP: 42/42 MP: 5/9
  1961 | D:3      | Reached XP level 6. HP: 49/49 MP: 5/10
  2347 | D:4      | Noticed a two-headed ogre
  2402 | D:4      | Reached skill level 1 in Poison Magic
  2408 | D:4      | Learned a level 3 spell: Conjure Flame
  2418 | D:4      | Reached skill level 1 in Fighting
  2418 | D:4      | Reached skill level 6 in Conjurations
  2594 | D:4      | Reached XP level 7. HP: 53/58 MP: 5/11
  2674 | D:4      | HP: 1/60 [two-headed ogre/giant club (16)]
  2675 | D:4      | Annihilated by a two-headed ogre

Vault maps used:
D:1:      erik_arrival_gehennom
D:2:      lemuel_coloured_pillars_altar, tso_metal_star
D:3:      first_ration, uniq_sigmund
D:4:      kennysheep_mini_moat

Skill      XL: |  1  2  3  4  5  6  7 |
---------------+----------------------+-----
Conjurations   | 2 3 5 6 |  6.0
Poison Magic   | 2 |  2.8
Fighting       | 1 2 |  2.0
Translocations | 2 |  2.3
Dodging        | |  1.5
Stealth        | |  3.0
Spellcasting   | |  3.0
Summonings     | |  1.0

Action                   |  1- 3 |  4- 6 |  7- 9 || total
-------------------------+-------+-------+-------++-------
Melee: Dagger            |     5 |       |       ||     5
       Short sword       |     3 |    23 |    10 ||    36
 Cast: Magic Dart        |    46 |    74 |     6 ||   126
       Mephitic Cloud    |       |     1 |     2 ||     3
 Abil: Spit Poison       |    24 |    22 |     4 ||    50
  Use: Scroll            |       |     1 |       ||     1
       Potion            |       |       |     2 ||     2
 Stab: Sleeping          |     1 |     1 |       ||     2
       Confused          |       |     2 |     2 ||     4
  Eat: Chunk             |     3 |     4 |       ||     7
Armor: Robe              |     3 |     8 |     1 ||    12
Dodge: Dodged            |     4 |    16 |     2 ||    22

Table legend:
 A = Spawn XP
 B = Non-spawn XP
 C = Spawn XP percentage of total XP
 D = Spawn monster count
 E = Non-spawn monster count
 F = Spawn count percentage of total count
 G = Total turns spent on level
                    A         B        C        D         E        F      G
               +---------+---------+-------+---------+---------+-------+---------
         Total |       0 |     706 |   0.0 |       0 |      72 |   0.0 |  2675
               +---------+---------+-------+---------+---------+-------+---------
           D:1 |       0 |      35 |   0.0 |       0 |      17 |   0.0 |  1025
           D:2 |       0 |      63 |   0.0 |       0 |      23 |   0.0 |   819
           D:3 |       0 |     288 |   0.0 |       0 |      19 |   0.0 |   539
           D:4 |       0 |     320 |   0.0 |       0 |      13 |   0.0 |   292
               +---------+---------+-------+---------+---------+-------+---------
